 Dungeon Crawl Stone Soup version 0.31.0-9-g3a7656b989 (console) character file.

Game seed: 8043010546616941057

2727225 Borsukrates the Swordmaster (level 27, 260/260 HPs)
             Began as a Demigod Ice Elementalist on Jan 29, 2024.
             Escaped with the Orb
             ... and 5 runes on Jan 31, 2024!
             The game lasted 14:30:09 (89784 turns).

Borsukrates the Swordmaster (DgIE)                 Turns: 89784, Time: 14:30:10

Health: 260/260    AC: 15    Str: 11    XL:     27
Magic:  40/40      EV: 77    Int: 17    God:
Gold:   3142       SH:  2    Dex: 59    Spells: 4/42 levels left

rFire   + + .        a - +9 triple sword (freeze)
rCold   + + .        (shield currently unavailable)
rNeg    + . .        u - +5 steam dragon scales
rPois   +            E - -2 hat of the Alchemist {rElec rPois rF+ rC+ rN+ Will+ rMut rCorr}
rElec   +            P - scarf {repulsion}
rCorr   +            I - +0 pair of fencer's gloves {Riposte Dex+3}
SInv    +            n - +0 pair of boots of Jipsugam {Regen+}
Will    +++..        L - amulet of Yloommao {RegenMP Dex+4}
Stlth   +++          e - ring of the Octopus King {HP+2 AC+2 EV+2 SH+2 SInv}
HPRegen 1.43/turn    x - ring of Toeshroho {rPois rF+ rC+ Str+2 Dex+2}
MPRegen 0.67/turn

%: repel missiles, resist mutation
@: studying 4 skills
A: high MP 1, forlorn, divine attributes
0: Orb of Zot
}: 5/15 runes: decaying, serpentine, slimy, silver, abyssal
a: no special abilities


You escaped.
You visited 11 branches of the dungeon, and saw 55 of its levels.
You visited the Abyss 1 time.
You also visited: Bailey, Ice Cave, Wizlab and Desolation.

You collected 11958 gold pieces.
You spent 8816 gold pieces at shops.

Inventory:

Hand Weapons
 a - a +9 triple sword of freezing (weapon)
 b - a +7 great sword of protection
 d - a +2 vampiric dagger
 i - a +7 triple crossbow of freezing
 q - the +6 arbalest "Damnation" {damnation}
   (You found it in the Desolation of Salt)
 N - the +9 staff of Olgreb {rPois∞}
   (You found it in the Desolation of Salt)

   Radiate:   It can be activated via the 'a'bility menu to radiate toxic
   energy, with effectiveness depending on Evocations skill.
   Alch:      It enhances your alchemy magic.
   rPois∞: It grants immunity to poison.
Armour
 n - the +0 pair of boots of Jipsugam (worn) {Regen+}
   (You found it on level 3 of the Snake Pit)

   Regen+:    It increases your rate of health regeneration.
 u - +5 steam dragon scales (worn)
 E - the -2 hat of the Alchemist (worn) {rElec rPois rF+ rC+ rN+ Will+ rMut rCorr}
   (You bought it in a shop on level 1 of the Dungeon)

   rF+:       It protects you from fire.
   rC+:       It protects you from cold.
   rElec:     It insulates you from electricity.
   rPois:     It protects you from poison rN+: It protects you from negative
   energy.
   Will+:     It increases your willpower.
   rCorr:     It protects you from acid and corrosion.
   rMut:      It protects you from mutation.
 I - the +0 pair of fencer's gloves (worn) {Riposte Dex+3}
   (You found it on level 3 of the Snake Pit)

   Riposte:   It allows the wearer to riposte with melee weapons, swiftly
   retaliating against missed or blocked melee attacks.
   Dex+3:     It affects your dexterity (+3).
 P - a scarf of repulsion (worn)
 R - the +1 cloak "Zivoffiy" {Regen+ Str+5}
   (You found it on level 4 of the Vaults)

   Str+5:     It affects your strength (+5).
   Regen+:    It increases your rate of health regeneration.
 T - the +3 robe of a treasure trove {Harm rElec rN++ Stlth+}
   (You bought it in a shop on level 1 of the Dungeon)

   rElec:     It insulates you from electricity.
   rN++:      It greatly protects you from negative energy.
   Harm:      It increases damage dealt and taken.
   Stlth+:    It makes you more stealthy.
 W - a scarf of resistance
Jewellery
 e - a ring of the Octopus King (left hand) {HP+2 AC+2 EV+2 SH+2 SInv}
   (You took it off a tengu reaver on level 5 of the Vaults)

   [ring of see invisible]

   AC+2:      It affects your AC (+2).
   EV+2:      It affects your evasion (+2).
   HP+2:      It affects your health (+2).
   SInv:      It lets you see invisible.
   SH+2:      It affects your SH (+2).
 j - a ring of flight
 m - the ring "Tezxer" {rPois rF+ rCorr Str+2}
   (You found it on level 1 of the Realm of Zot)

   [ring of protection from fire]

   Str+2:     It affects your strength (+2).
   rF+:       It protects you from fire.
   rPois:     It protects you from poison rCorr: It protects you from acid and
   corrosion.
 r - the amulet "Jidun" {Acrobat Will+ Dex+3}
   (You acquired it on level 8 of the Dungeon)

   [amulet of the acrobat]

   Acrobat:   It increases your evasion while moving and waiting.
   Dex+3:     It affects your dexterity (+3).
   Will+:     It increases your willpower.
 x - the ring of Toeshroho (right hand) {rPois rF+ rC+ Str+2 Dex+2}
   (You found it on level 1 of the Realm of Zot)

   [ring of protection from fire]

   Str+2:     It affects your strength (+2).
   Dex+2:     It affects your dexterity (+2).
   rF+:       It protects you from fire.
   rC+:       It protects you from cold.
   rPois:     It protects you from poison
 B - a ring of willpower
 D - a ring of willpower
 L - the amulet of Yloommao (around neck) {RegenMP Dex+4}
   (You found it on level 3 of the Lair of Beasts)

   [amulet of magic regeneration]

   RegenMP:   It increases your rate of magic regeneration.
   Dex+4:     It affects your dexterity (+4).
Wands
 y - a wand of roots (46)
 C - a wand of mindburst (9)
 G - a wand of light (60)
 J - a wand of digging (14)
Scrolls
 h - 11 scrolls of teleportation
 k - 9 scrolls of fear
 A - 4 scrolls of blinking
 M - 7 scrolls of immolation
 O - 4 scrolls of fog
 Q - 2 scrolls of summoning
 V - 3 scrolls of brand weapon
 X - 4 scrolls of poison
Potions
 f - a potion of cancellation
 g - 3 potions of invisibility
 l - 10 potions of enlightenment
 o - 8 potions of ambrosia
 p - 13 potions of mutation
 s - a potion of brilliance
 t - 8 potions of attraction
 v - 2 potions of berserk rage
 z - 2 potions of heal wounds
 H - 9 potions of resistance
 K - 7 potions of magic
 S - 19 potions of curing
 Z - a potion of might
Miscellaneous
 c - a phantom mirror
 w - a lightning rod (4/4)
 F - a condenser vane
 U - a box of beasts
 Y - a phial of floods


   Skills:
 - Level 23.3 Fighting
 O Level 27 Long Blades
 - Level 10.0 Ranged Weapons
 - Level 10.0 Armour
 O Level 27 Dodging
 - Level 10.0 Stealth
 - Level 8.0 Spellcasting
 * Level 3.5 Hexes
 - Level 11.0 Translocations
 - Level 7.0 Ice Magic
 * Level 5.7 Air Magic
 - Level 10.0 Evocations


You had 4 spell levels left.
You knew the following spells:

 Your Spells              Type           Power      Damage    Failure   Level
a - Freeze                Ice            100%       1d10      1%          1
b - Ozocubu's Armour      Ice            30%        N/A       1%          3
c - Frozen Ramparts       Ice            60%        1d10      1%          3
d - Blink                 Tloc           88%        N/A       1%          2
e - Manifold Assault      Tloc           44%        N/A       1%          4
f - Lesser Beckoning      Tloc           88%        N/A       1%          2
g - Gell's Gravitas       Tloc           44%        N/A       1%          3
h - Teleport Other        Tloc           44%        N/A       1%          3
i - Apportation           Tloc           88%        N/A       1%          1
j - Passage of Golubria   Tloc           44%        N/A       1%          4
k - Vhi's Electric Charg  Tloc/Air       70%        N/A       3%          4
l - Metabolic Englaciati  Hex/Ice        12%        N/A       32%         5
m - Swiftness             Air            26%        N/A       3%          3

Your spell library contained the following spells:

 Spells                   Type           Power      Damage    Failure   Level
 Ensorcelled Hibernation  Hex/Ice        48%        N/A       1%          2
 Momentum Strike          Conj/Tloc      50%        3d9       1%          2
 Slow                     Hex            72%        N/A       2%          1
 Volatile Blastmotes      Fire/Tloc      50%        2d14      3%          3
 Mercury Vapours          Alch/Air       32%        N/A       4%          2
 Hailstorm                Conj/Ice       18%        3d7       8%          3
 Summon Ice Beast         Ice/Summ       18%        N/A       8%          3
 Tukima's Dance           Hex            18%        N/A       8%          3
 Foxfire                  Conj/Fire      24%        2x1d5     11%         1
 Magic Dart               Conj           24%        1d4       11%         1
 Necrotise                Necr           24%        1d5       11%         1
 Sandblast                Erth           12%        2d6       11%         1
 Sting                    Conj/Alch      24%        1d4       11%         1
 Summon Small Mammal      Summ           24%        N/A       11%         1
 Iskenderun's Mystic Bla  Conj/Tloc      25%        2d7       11%         4
 Mephitic Cloud           Conj/Alch/Air  13%        N/A       14%         3
 Call Imp                 Summ           12%        N/A       16%         2
 Searing Ray              Conj           12%        2d4       16%         2
 Sublimation of Blood     Necr           6%         N/A       16%         2
 Dazzling Flash           Conj/Hex       24%        N/A       16%         3
 Inner Flame              Hex/Fire       12%        N/A       16%         3
 Call Canine Familiar     Summ           6%         N/A       30%         3
 Fugue of the Fallen      Necr           6%         N/A       30%         3
 Passwall                 Erth           6%         N/A       30%         3
 Stone Arrow              Conj/Erth      12%        3d7       30%         3
 Vampiric Draining        Necr           6%         2d6       30%         3
 Summon Lightning Spire   Summ/Air       16%        N/A       32%         4
 Anguish                  Hex/Necr       6%         N/A       45%         4
 Animate Armour           Summ/Erth      12%        N/A       71%         4
 Animate Dead             Necr           6%         N/A       71%         4
 Brom's Barrelling Bould  Conj/Erth      6%         2d3       71%         4
 Dispel Undead            Necr           6%         3d8       71%         4
 Flame Wave               Conj/Fire      6%         2d5       71%         4
 Fulminant Prism          Conj/Alch      3%         3d5       71%         4
 Ignite Poison            Fire/Alch      6%         N/A       71%         4
 Martyr's Knell           Necr/Summ      6%         N/A       71%         4
 Petrify                  Alch/Erth      6%         N/A       71%         4
 Sticky Flame             Fire/Alch      6%         2d4       71%         4
 Summon Blazeheart Golem  Fire/Summ      6%         N/A       71%         4
 Summon Forest            Summ/Tloc      12%        N/A       30%         5
 Freezing Cloud           Conj/Ice/Air   10%        6-21      45%         5
 Arcjolt                  Conj/Air       8%         1d18      65%         5
 Summon Mana Viper        Hex/Summ       12%        N/A       80%         5
 Yara's Violent Unravell  Hex/Alch       6%         3d5       80%         5
 Alistair's Intoxication  Alch           4%         N/A       96%         5
 Borgnjor's Vile Clutch   Necr/Erth      3%         N/A       96%         5
 Curse of Agony           Necr           6%         N/A       96%         5
 Fireball                 Conj/Fire      3%         3d4       96%         5
 Irradiate                Conj/Alch      3%         3d12      96%         5
 Iskenderun's Battlesphe  Conj           6%         2d6       96%         5
 Lee's Rapid Deconstruct  Erth           3%         3d5*      96%         5
 Sculpt Simulacrum        Ice/Alch       9%         N/A       98%         6
 Conjure Ball Lightning   Conj/Air       8%         3x3d6     99%         6
 Plasma Beam              Fire/Air       8%         2x1d18    99%         6
 Bombard                  Conj/Erth      3%         9d1       100%        6
 Death Channel            Necr           3%         N/A       100%        6
 Eringya's Noxious Bog    Alch           3%         4d6       100%        6
 Starburst                Conj/Fire      3%         6d3       100%        6
 Haunt                    Necr/Summ      3%         N/A       100%        7
 Malign Gateway           Summ/Tloc      12%        N/A       100%        7
 Monstrous Menagerie      Summ           3%         N/A       100%        7
 Orb of Destruction       Conj           3%         9d5       100%        7
 Spellforged Servitor     Conj/Summ      3%         N/A       100%        7
 Summon Hydra             Summ           3%         N/A       100%        7
 Borgnjor's Revivificati  Necr           3%         N/A       100%        8
 Discord                  Hex            9%         N/A       100%        8
 Disjunction              Tloc           22%        N/A       100%        8
 Ignition                 Fire           3%         3d4       100%        8
 Maxwell's Capacitive Co  Air            13%        ∞         100%        8
 Summon Horrible Things   Summ           3%         N/A       100%        8
 Chain Lightning          Conj/Air       8%         3d10      100%        9
 Death's Door             Necr           3%         N/A       100%        9
 Fire Storm               Conj/Fire      3%         8d1       100%        9
 Shatter                  Erth           3%         3d7*      100%        9


Dungeon Overview and Level Annotations

Branches:
Dungeon (15/15)            Temple (0/1) D:5            Lair (5/5) D:10
  Swamp (4/4) Lair:2        Snake (4/4) Lair:3        Slime (5/5) Lair:4
    Orc (2/2) D:10            Elf (3/3) Orc:2        Vaults (5/5) D:13
  Crypt (3/3) Vaults:2       Tomb (0/3) Crypt:3      Depths (4/4) D:15
    Zot (5/5) Depths:4     Bailey (visited)           IceCv (visited)
 WizLab (visited)         Desolation (visited)

Shops:
D:1 [   D:10 [   D:12 *   Orc:2 [=!!   Elf:1 (   Snake:2 (   Snake:3 =::
Snake:4 [   Vaults:1 (   Vaults:3 *   Depths:1 [   Depths:4 *

Portals:
Hell: Depths:1 Depths:2 Depths:3 Depths:4
Abyss: Depths:2 Depths:3
Pandemonium: Orc:2 Depths:2
Ziggurat: Depths:2


Innate Abilities, Weirdness & Mutations

You have an increased reservoir of magic. (+10% MP)
You shall have no god before yourself.
Your divine heritage dramatically boosts your attributes as you level up.


Message History

Here: Xettui The floor.
Unknown command.
Press: ? - help, v - describe, . - travel
Here: a balrug, wielding a +2 demon whip of venom (wandering, hasn't noticed you)
The floor.
Unknown command.
The balrug shouts!
The Orb Guardian completely misses you.
You riposte.
You closely miss the Orb Guardian.
The shadow demon moves out of view.
The Orb Guardian attacks as it pursues you!
The Orb Guardian completely misses you. The balrug gestures at you.
The bolt of fire misses you. The Orb Guardian completely misses you.
The Orb Guardian attacks as it pursues you!
The Orb Guardian completely misses you.
You riposte.
You closely miss the Orb Guardian.
Press: ? - help, v - describe, . - travel A rock wall.
A demonspawn warmonger and a reaper come into view.
The demonspawn warmonger is wielding a +2 dire flail of protection and wearing a +3 chain mail of cold resistance.
The reaper is wielding a +1 scythe of freezing.
The Orb Guardian closely misses you.
The demonspawn warmonger moves out of view.
The Orb Guardian attacks as it pursues you!
The Orb Guardian completely misses you.
You riposte.
You open the Orb Guardian like a pillowcase!!!
You freeze the Orb Guardian!!
You kill the Orb Guardian!
A demonspawn warmonger comes into view.
It is wielding a +4 heavy great sword and wearing a +1 plate armour of cold resistance.
The reaper completely misses you. The reaper completely misses you.
There is a staircase leading out of the dungeon here.
Okay, then.
You have escaped!

##.........##.#........
##.....#.....#..........
##.....###.....#####.....
##....2#####6....## #####.
##.....#.....#.....## #.
##.....###226###.....## #.
##.....#####6#####.....## #.
##.....#...........#.6...## #.
#.....###....@....###.....# #.
#....#####.......#####....# ##
#...#.....#.....#.....#...#
#..###...###...###...###..#
#.#####.#####.#####.#####.# ##
#.........................# #.
############..###############†
#..........####### #...
#.########.......# #.#.


You could see 2 demonspawn warmongers, a balrug and a reaper.

Vanquished Creatures
  the Royal Jelly (Slime:5)
  2 dread liches
  Frederick (Vaults:4)
  6 orbs of fire (Zot:5)
  2 ancient liches
  Mara (Vaults:5)
  A juggernaut (Depths:1)
  A pandemonium lord (Depths:4)
  Xtahua (Vaults:4)
  Vv (Zot:3)
  Boris (Vaults:5)
  the Lernaean hydra (Swamp:4)
  7 Killer Klowns
  2 curse toes (Zot:1)
  Jory (Crypt:1)
  A profane servitor (Crypt:3)
  11 golden dragons
  2 electric golems (Zot:5)
  2 bone dragons
  Norris (Elf:1)
  A Hell Sentinel (D:13)
  27 Orb Guardians
  2 Ice Fiends
  A walking crystal tome (Depths:3)
  Zenata (Crypt:1)
  5 liches
  28 tentacled monstrosities
  2 deep elf master archers (Elf:3)
  2 walking earthen tomes (Depths:3)
  3 deep elf blademasters
  6 quicksilver dragons
  2 walking divine tomes
  9 sphinxes
  23 acid blobs
  10 titans
  3 ancient champions
  3 thorn hunters
  5 tentacled starspawn (Abyss:3)
  16 death cobs
  8 tengu reavers
  17 shadow dragons
  20 storm dragons
  A revenant (Crypt:3)
  13 rockslimes
  7 azure jellies
  10 draconian monks
  The ghost of Kicir the Blocker, an adept GnFi of Okawaru (Snake:3)
  5 nagarajas (Snake:4)
  3 protean progenitors
  13 vault wardens
  10 fire giants
  The ghost of Qemahefa the Bludgeoner, an adept GrFi of Okawaru (Swamp:3)
  8 draconian knights
  10 frost giants
  4 iron dragons
  An imperial myrmidon (Desolation)
  4 draconian scorchers
  A balrug (Depths:1)
  5 deep elf sorcerers (Elf:3)
  12 draconian shifters
  2 ghost moths
  A curse skull (Crypt:2)
  A deep elf elementalist (Elf:3)
  7 draconian stormcallers
  8 ghouls
  2 cacodemons
  3 draconian annihilators
  3 spriggan defenders
  3 orc warlords
  A juggernaut zombie (Depths:1)
  15 ironbound preservers
  2 caustic shrike skeletons (Crypt:2)
  13 stone giants
  14 formless jellyfish
  28 very ugly things
  21 vampire knights
  8 quicksilver oozes
  6 green draconians
  4 ironbound thunderhulks
  The ghost of Wivudet the Severer, a journeyman MiBe of Trog (Lair:5)
  A juggernaut skeleton (Crypt:1)
  A starflower (Abyss:3)
  A spectral titan (Crypt:3)
  9 deep elf demonologists
  9 deep elf annihilators
  Nessos (D:14)
  7 deep elf death magi
  3 eleionomae
  14 dire elephants
  20 purple draconians
  12 black draconians
  2 war gargoyles (Vaults:2)
  11 yellow draconians
  A lorocyproca (Zot:5)
  13 red draconians
  11 white draconians
  4 bunyips
  Snorg (D:14)
  2 eidola
  15 ettins
  4 crystal guardians
  7 statues (WizLab)
  8 ragged hierophants (Desolation)
  8 fire dragons
  3 deep elf high priests
  A shambling mangrove (Swamp:3)
  A merfolk javelineer (Depths:4)
  A quicksilver dragon zombie (D:15)
  27 jiangshi
  An entropy weaver (shapeshifter) (D:15)
  8 great orbs of eyes
  The ghost of Mandevil the Destroyer, a journeyman AtCj of Vehumet (Lair:1)
  2 entropy weavers
  16 yaktaur captains
  3 salamander tyrants (Snake:4)
  13 ice dragons
  A ghost crab (Swamp:1)
  12 alligators
  10 rakshasas
  2 ogre magi (Vaults:5)
  A hell beast (D:3)
  12 peacekeepers
  6 spriggan air magi
  12 servants of whispers (Desolation)
  A caustic shrike simulacrum (Depths:1)
  12 centaur warriors
  32 vault guards
  29 hydras
  8 boulder beetles
  5 death knights
  19 anacondas
  13 ironbound frosthearts
  2 satyrs (Zot:2)
  6 two-headed ogres
  26 dancing weapons
  A sphinx skeleton (D:15)
  A juggernaut simulacrum (Crypt:1)
  7 deep troll shamans
  17 naga warriors
  4 tengu warriors
  Urug (Orc:2)
  6 thrashing horrors (Abyss:3)
  10 spriggan berserkers
  12 vampire magi
  2 occultists
  8 deep troll earth magi
  14 naga sharpshooters
  5 hell knights
  5 shock serpents
  4 sun demons
  15 spriggans
  25 deep elf knights
  6 orc high priests (Orc:2)
  Nergalle (Lair:3)
  A titan zombie (Crypt:3)
  6 shadow wraiths
  8 iron trolls
  2 salamander mystics (Snake:4)
  A spatial maelstrom (Abyss:3)
  9 wretched stars (Abyss:3)
  3 sixfirhies
  A fire crab (Lair:5)
  35 skeletal warriors
  7 skysharks
  4 goliath frogs
  A spectral anaconda (Snake:3)
  6 spriggan druids
  3 deep trolls (shapeshifter)
  8 glowing orange brains
  6 swamp dragons (Swamp:4)
  11 flayed ghosts
  A sea snake (Snake:3)
  15 mana vipers
  2 orange crystal statues
  7 naga ritualists
  56 deep trolls
  30 starcursed masses (Abyss:3)
  13 deep elf archers
  14 large abominations
  4 arcanists
  A shadow demon (Depths:2)
  8 lindwurms
  9 necromancers
  9 orc knights
  A spriggan simulacrum (Snake:2)
  A bunyip skeleton (Crypt:2)
  25 phantasmal warriors
  6 bog bodies
  Pikel (D:4)
  A sphinx simulacrum (Depths:1)
  An anaconda skeleton (Crypt:1)
  A tengu zombie (Crypt:1)
  A stone giant zombie (Crypt:2)
  A wolf spider zombie (Crypt:2)
  28 ironbound convokers
  6 shining eyes
  33 deep elf pyromancers
  An oklob plant (Abyss:3)
  30 ugly things
  6 orc sorcerers
  A shining eye (shapeshifter) (Vaults:5)
  4 manticores
  15 deep elf zephyrmancers
  A fire giant zombie (Depths:1)
  16 salamanders
  5 cyclopes
  19 moths of wrath
  3 meliai (D:14)
  4 will-o-the-wisps
  6 elephants (Lair:5)
  An elephant (shapeshifter) (D:15)
  Joseph (D:10)
  A spectral shock serpent (Snake:3)
  A meliai (shapeshifter) (Vaults:5)
  A jorogumo skeleton (Crypt:1)
  36 black mambas
  21 vault sentinels
  3 kobold blastminers
  26 naga magi
  An eye of devastation (shapeshifter) (Depths:4)
  18 guardian serpents
  4 smoke demons
  A torpor snail (Lair:5)
  A rust devil (D:13)
  A gargoyle (D:12)
  3 eyes of devastation (Slime:5)
  3 molten gargoyles (Lair:5)
  An alligator snapping turtle zombie (Crypt:1)
  8 cane toads
  A hellion (Abyss:3)
  An unseen horror (D:12)
  2 orange demons
  7 freezing wraiths
  24 rime drakes
  2 kobold demonologists
  34 yaktaurs
  19 tengu conjurers
  An efreet (Abyss:3)
  8 komodo dragons
  4 anaconda simulacra
  A black draconian skeleton (Crypt:2)
  A harpy zombie (Crypt:1)
  9 trolls
  A red devil (Orc:2)
  An ancient zyme (Abyss:3)
  2 bloated husks (Swamp:4)
  2 polar bears (shapeshifter)
  A hellwing (Orc:2)
  21 polar bears
  10 tyrant leeches
  10 blink frogs
  8 glass eyes
  15 hornets
  2 merfolk (shapeshifter)
  A death drake skeleton (Crypt:1)
  61 saltlings (Desolation)
  123 slime creatures
  A fire dragon zombie (Crypt:2)
  A raiju (Abyss:3)
  A spectral black mamba (Snake:3)
  3 air elementals
  3 spriggan skeletons
  3 shadows
  2 yaks (shapeshifter)
  2 dire elephant simulacra (Snake:2)
  4 water elementals
  11 small abominations
  6 vampires
  6 basilisks
  2 mana viper simulacra (Snake:3)
  7 wyverns
  4 ynoxinuls
  9 wraiths
  35 yaks
  The ghost of Eitelfritz the Chopper, an amateur HOFi (D:4)
  6 humans (D:13)
  A fire bat (Abyss:3)
  10 golden eyes
  A neqoxec (Abyss:3)
  A warg (shapeshifter) (D:13)
  2 wargs
  4 fire elementals
  3 redbacks (Vaults:2)
  A chaos spawn (Abyss:3)
  3 steam dragons
  22 vampire mosquitoes
  2 minotaur simulacra (Snake:2)
  6 hell hounds
  3 acid dragons
  14 swamp worms
  54 nagas
  11 water moccasins
  3 moth of wrath simulacra (Zot:3)
  5 swamp drakes (Swamp:4)
  A black bear (Lair:3)
  28 orc warriors
  30 laughing skulls
  A snapping turtle zombie (Crypt:1)
  2 ice beasts (D:7)
  An ogre (D:7)
  3 boggarts (D:15)
  5 wolves (Lair:2)
  11 centaurs
  4 lemures (D:4)
  A phantom (D:5)
  4 elf zombies (Elf:1)
  2 weeping skulls (Abyss:3)
  4 kobold brigands
  A brain worm (Abyss:2)
  11 bullfrogs
  An earth elemental (Elf:3)
  8 necrophages
  A scorpion (shapeshifter) (D:15)
  2 scorpions
  2 naga simulacra (Snake:3)
  6 wights
  4 burial acolytes (Crypt:3)
  2 lindwurm simulacra
  9 killer bees
  4 spectral nagas
  2 electric eels
  2 howler monkeys (D:7)
  5 lava snakes (Lair:5)
  A komodo dragon simulacrum (Lair:1)
  A wyvern simulacrum (Lair:1)
  A human zombie (Crypt:1)
  26 orc priests
  4 hounds
  An iron imp (Abyss:3)
  2 sleepcaps
  2 water moccasin simulacra (Lair:1)
  Ijyb (D:3)
  14 orc wizards
  2 iguanas
  14 hell rats
  A bullfrog simulacrum (Lair:1)
  14 gnolls
  8 adders
  7 river rats (Lair:1)
  A swamp drake zombie (Crypt:1)
  A steam dragon skeleton (Crypt:2)
  2 white imps
  4 ufetubi
  2 dart slugs
  A ribbon worm (D:4)
  57 orcs
  7 ball pythons
  6 bats
  10 endoplasms
  6 giant cockroaches
  11 hobgoblins
  A quokka (D:1)
  A ball python zombie (Crypt:1)
  2 frilled lizards (D:2)
  A giant cockroach zombie (Crypt:1)
  11 goblins
  34 kobolds
  A quokka zombie (Crypt:2)
  5 rats
  3 aspiring fleshes (Zot:3)
  2 lurking horrors (Abyss:3)
  2 starspawn tentacles (Abyss:3)
2769 creatures vanquished.

Vanquished Creatures (collateral kills)
  A frost giant (Vaults:5)
  A draconian stormcaller (Zot:1)
  A yaktaur captain (Vaults:5)
  A vault guard (Vaults:5)
4 creatures vanquished.

Vanquished Creatures (others)
  A dread lich (Zot:1)
  Josephina (Zot:3)
  A rockslime (Slime:5)
  A frost giant (Depths:2)
  A deep elf sorcerer (Elf:3)
  2 cacodemons (Zot:1)
  An ettin (Depths:2)
  A vault guard (D:13)
  A naga warrior (Snake:4)
  An occultist (Depths:2)
  A swamp dragon (Swamp:4)
  A deep elf zephyrmancer (Elf:1)
  A guardian serpent (Snake:4)
  A storm dragon simulacrum (Zot:3)
  A rime drake (Lair:1)
  2 trolls (D:10)
  A golden eye (Slime:4)
  2 starcursed masses (Abyss:3)
  8 foxfires (Swamp:2)
  8 starspawn tentacles (Abyss:3)
37 creatures vanquished.

Grand Total: 2810 creatures vanquished

Notes
Turn   | Place    | Note
-------+----------+-------------------------------------------
     0 | D:1      | Borsukrates the Demigod Ice Elementalist began the quest
                  | for the Orb.
     0 | D:1      | Reached XP level 1. HP: 14/14 MP: 5/5
   293 | D:1      | Reached XP level 2. HP: 17/20 MP: 4/7
   854 | D:1      | Found Ral Pogae's Antique Armour Emporium.
   975 | D:2      | Reached XP level 3. HP: 25/26 MP: 5/8
  1054 | D:2      | Learned a level 3 spell: Ozocubu's Armour
  1229 | D:2      | Reached skill level 5 in Ice Magic
  1533 | D:2      | Got Plato's Folio of Bad Luck
  1961 | D:3      | Reached XP level 4. HP: 33/33 MP: 7/9
  2593 | D:3      | Noticed Ijyb
  3284 | D:4      | Noticed a lemure
  3310 | D:4      | Killed a lemure
  3437 | D:4      | Reached XP level 5. HP: 38/38 MP: 7/10
  3464 | D:3      | Learned a level 3 spell: Frozen Ramparts
  3478 | D:4      | Noticed Eitelfritz's ghost (amateur HOFi)
  3478 | D:4      | Found a runed translucent gate.
  3478 | D:4      | Found a runed translucent gate.
  3478 | D:4      | Found a runed translucent gate.
  3579 | D:4      | Reached skill level 1 in Fighting
  3860 | D:4      | Noticed Pikel
  3875 | D:4      | Killed Pikel
  3876 | D:4      | Reached XP level 6. HP: 30/51 MP: 0/11
  3876 | D:4      | Reached XP level 7. HP: 34/57 MP: 0/12
  4366 | D:3      | Killed Ijyb
  4452 | D:5      | Entered Level 5 of the Dungeon
  4557 | D:5      | Found a staircase to the Ecumenical Temple.
  4775 | D:5      | Reached skill level 5 in Dodging
  4775 | D:5      | Reached skill level 1 in Long Blades
  5404 | D:6      | Reached skill level 1 in Ranged Weapons
  6024 | D:6      | Reached XP level 8. HP: 61/63 MP: 10/13
  6478 | D:1      | Bought a faintly glowing robe for 131 gold pieces
  6478 | D:1      | Identified the +3 robe of a treasure trove {Harm rElec rN++
                  | Stlth+} (You bought it in a shop on level 1 of the Dungeon)
  6657 | D:6      | Noticed a two-headed ogre
  7219 | D:7      | Reached skill level 5 in Long Blades
  7815 | D:8      | Found a flagged portal.
  7828 | Bailey   | Entered a bailey
  7843 | Bailey   | Noticed an orc warlord
  8112 | Bailey   | Found a runed translucent gate.
  8114 | Bailey   | Found a runed translucent gate.
  8145 | Bailey   | Found a runed translucent gate.
  8310 | Bailey   | Reached XP level 9. HP: 68/69 MP: 14/14
  8418 | D:8      | Acquired the amulet "Jidun" {Acrobat Will+ Dex+3}
  8420 | D:8      | Acquired 1066 gold pieces
  8736 | D:1      | Bought the -2 hat of the Alchemist {rElec rPois rF+ rC+ rN+
                  | Will+ rMut rCorr} for 1085 gold pieces
  8736 | D:1      | Found the -2 hat of the Alchemist {rElec rPois rF+ rC+ rN+
                  | Will+ rMut rCorr}
  9369 | D:6      | Killed a two-headed ogre
  9599 | D:8      | Learned a level 2 spell: Blink
  9931 | D:9      | Identified the +2 leather armour of the Wasteland {rElec
                  | Dex+3}
 10110 | D:1      | Bought a pair of glowing gloves for 172 gold pieces
 10744 | D:9      | Reached skill level 10 in Long Blades
 11075 | D:4      | Killed Eitelfritz's ghost
 11260 | D:10     | Entered Level 10 of the Dungeon
 11298 | D:10     | Found a staircase to the Lair.
 11312 | D:10     | Noticed Joseph
 11344 | D:10     | Found a staircase to the Orcish Mines.
 11406 | D:10     | Noticed a four-headed hydra
 11452 | Lair:1   | Entered Level 1 of the Lair of Beasts
 11452 | Lair:1   | Noticed a black mamba
 11575 | Lair:1   | Reached XP level 10. HP: 77/77 MP: 15/15
 12427 | Lair:1   | Killed a black mamba
 12728 | Lair:1   | Found a runed translucent gate.
 12728 | Lair:1   | Found a runed translucent gate.
 12728 | Lair:1   | Found a runed translucent gate.
 12754 | Lair:1   | Noticed Mandevil's ghost (journeyman AtCj)
 13649 | Lair:2   | Reached XP level 11. HP: 82/82 MP: 13/17
 14084 | Lair:2   | Found a staircase to the Swamp.
 14598 | Lair:3   | Reached skill level 10 in Dodging
 15026 | Lair:3   | Noticed Nergalle
 15161 | Lair:3   | Identified the amulet of Yloommao {RegenMP Dex+4}
 15452 | Lair:3   | Found a staircase to the Snake Pit.
 15867 | Lair:3   | Killed Nergalle
 16257 | Lair:4   | Noticed a skyshark
 16300 | Lair:4   | Noticed an eight-headed hydra
 16324 | Lair:4   | Killed an eight-headed hydra
 16890 | Lair:4   | Noticed a skyshark
 17002 | Lair:4   | Killed a skyshark
 17200 | Lair:4   | Noticed a six-headed hydra
 17211 | Lair:4   | Killed a six-headed hydra
 17212 | Lair:4   | Reached XP level 12. HP: 80/89 MP: 7/18
 17935 | Lair:4   | Found a staircase to the Slime Pits.
 18071 | Lair:5   | Entered Level 5 of the Lair of Beasts
 18269 | Lair:5   | Noticed an eight-headed hydra
 18285 | Lair:5   | Killed an eight-headed hydra
 18827 | Lair:5   | Noticed a seven-headed hydra
 18828 | Lair:5   | Found a runed translucent door.
 18828 | Lair:5   | Noticed Wivudet's ghost (journeyman MiBe)
 18878 | Lair:5   | Noticed a boulder beetle
 19005 | Lair:5   | Noticed a seven-headed hydra
 19024 | Lair:5   | Killed a seven-headed hydra
 19127 | Lair:5   | Reached skill level 5 in Fighting
 19893 | D:10     | Found Serogg's Armour Emporium.
 20242 | D:10     | Killed Joseph
 20358 | D:10     | Reached XP level 13. HP: 100/105 MP: 10/19
 21025 | Lair:1   | Killed Mandevil's ghost
 21107 | Lair:1   | Got the ring "Ubbat" {Fire rElec}
 21500 | Lair:5   | Found a large runed translucent door.
 21507 | Lair:5   | Found a large runed translucent door.
 23036 | D:11     | Reached skill level 10 in Fighting
 23170 | D:11     | Reached skill level 1 in Translocations
 23780 | D:12     | Found Neutie's Elemental Accessories.
 24609 | D:12     | Learned a level 4 spell: Manifold Assault
 24621 | D:13     | Reached skill level 5 in Stealth
 24941 | D:13     | Reached skill level 5 in Translocations
 25586 | D:13     | Noticed a sphinx
 25629 | D:13     | Killed a sphinx
 25683 | D:13     | Reached XP level 14. HP: 106/121 MP: 15/20
 26555 | D:13     | Found a gate to the Vaults.
 26731 | D:14     | Noticed Nessos
 28343 | D:14     | Reached skill level 5 in Spellcasting
 28477 | D:14     | Noticed Snorg
 28627 | D:15     | Entered Level 15 of the Dungeon
 29201 | D:15     | Learned a level 2 spell: Lesser Beckoning
 29364 | D:15     | Found a staircase to the Depths.
 30576 | Snake:1  | Entered Level 1 of the Snake Pit
 31003 | Snake:1  | Reached skill level 15 in Long Blades
 31528 | Snake:1  | Learned a level 3 spell: Gell's Gravitas
 31532 | Snake:1  | Learned a level 3 spell: Teleport Other
 32035 | Snake:1  | Learned a level 1 spell: Apportation
 32628 | Snake:1  | Reached XP level 15. HP: 117/126 MP: 21/30
 33898 | Snake:2  | Found a glacial archway.
 34146 | IceCv    | Entered an ice cave
 36448 | Snake:2  | Found Nialid's Antique Weapon Boutique.
 37418 | Snake:3  | Reached XP level 16. HP: 137/137 MP: 9/31
 37800 | Snake:3  | Found Suasuo's Jewellery Shoppe.
 37800 | Snake:3  | Found a runed translucent gate.
 37800 | Snake:3  | Found a runed translucent gate.
 37800 | Snake:3  | Found a runed translucent gate.
 37800 | Snake:3  | Found Jonofibb's Book Shop.
 37810 | Snake:3  | Found Richearr's Book Shop.
 37820 | Snake:3  | Bought a manual of Long Blades for 1360 gold pieces
 37877 | Snake:3  | Found the +0 pair of fencer's gloves {Riposte Dex+3}
 38452 | Snake:3  | Noticed Kicir's ghost (adept GnFi)
 38608 | Snake:3  | Killed Kicir's ghost
 38617 | Snake:3  | Identified the +0 pair of boots of Jipsugam {Regen+}
 38804 | Orc:1    | Entered Level 1 of the Orcish Mines
 39248 | Orc:2    | Entered Level 2 of the Orcish Mines
 39388 | Orc:2    | Found a staircase to the Elven Halls.
 39769 | Orc:2    | Noticed Urug
 39812 | Orc:2    | Killed Urug
 39885 | Orc:2    | Found Muny's Distillery.
 39886 | Orc:2    | Found Mavitywy's Distillery.
 40251 | Orc:2    | Found Gassaser's Jewellery Emporium.
 40251 | Orc:2    | Found a one-way gate leading to the halls of Pandemonium.
 40251 | Orc:2    | Found Ulobb's Antique Armour Shoppe.
 40794 | D:1      | Bought a runed scarf for 184 gold pieces
 41076 | Orc:2    | Bought a glowing scarf for 200 gold pieces
 41320 | Snake:4  | Entered Level 4 of the Snake Pit
 42287 | Snake:4  | Reached XP level 17. HP: 45/148 MP: 18/32
 42384 | Snake:4  | Reached skill level 15 in Dodging
 42541 | Snake:4  | Found Quirghuah's Antique Armour Emporium.
 42554 | Snake:4  | Bought a jewelled robe for 205 gold pieces
 42554 | Snake:4  | Identified the +1 robe of Nuekhlarr {rC+ rN+ MP+9 Int-5
                  | Dex+3} (You bought it in a shop on level 4 of the Snake
                  | Pit)
 42939 | Snake:4  | Got a serpentine rune of Zot
 43204 | Swamp:1  | Entered Level 1 of the Swamp
 44798 | Swamp:3  | Found a transporter.
 44801 | Swamp:3  | Noticed a tentacled monstrosity
 44801 | Swamp:3  | Noticed Qemahefa's ghost (adept GrFi)
 44810 | Swamp:3  | Found a transporter.
 44903 | Swamp:4  | Entered Level 4 of the Swamp
 45147 | Swamp:4  | Reached skill level 10 in Translocations
 45152 | Swamp:4  | Reached skill level 1 in Evocations
 45298 | Swamp:4  | Noticed the 27-headed Lernaean hydra
 45396 | Swamp:4  | Killed the 25-headed Lernaean hydra
 45397 | Swamp:4  | Reached skill level 5 in Evocations
 45397 | Swamp:4  | Reached XP level 18. HP: 32/160 MP: 35/35
 45518 | Swamp:4  | Got a decaying rune of Zot
 46769 | D:14     | Killed Nessos
 46810 | D:14     | Killed Snorg
 47275 | Vaults:1 | Entered Level 1 of the Vaults
 47664 | Vaults:1 | Found Guxiutz's Weapon Boutique.
 47830 | Vaults:1 | Paralysed by a formless jellyfish for 1 turns
 49040 | Vaults:2 | Found a staircase to the Crypt.
 49337 | Vaults:2 | Reached skill level 15 in Fighting
 49881 | Vaults:2 | Reached XP level 19. HP: 167/170 MP: 19/36
 50822 | Vaults:3 | Found Iniy's Assorted Antiques.
 50881 | Vaults:3 | Bought a potion of invisibility for 288 gold pieces
 50884 | Vaults:3 | Bought a phial of floods for 1440 gold pieces
 51451 | Vaults:4 | Noticed Xtahua
 51476 | Vaults:4 | Killed Xtahua
 51578 | Vaults:4 | Found a crumbling gateway.
 51595 | Desolati | Entered the Desolation of Salt
 51801 | Desolati | Found the +9 staff of Olgreb {rPois∞}
 52107 | Desolati | Identified the +1 scale mail "Jity" {rPois rC+}
 52110 | Desolati | Found the +6 arbalest "Damnation" {damnation}
 52224 | Desolati | Identified the +2 scimitar of Kah Faoz {chaos, rC- rN+
                  | Str+4}
 52371 | Desolati | Identified the +5 orcbow "Soshri Wapea" {flame, ^Drain
                  | ^Fragile rC++ Stlth+}
 52442 | Desolati | Identified the +1 pair of gloves "Cotuhuemui" {Rampage
                  | ^Drain rElec Stlth-}
 52473 | Desolati | Got Sif Muna's Thoughts on the Jaunt
 52479 | Desolati | Learned a level 4 spell: Passage of Golubria
 52484 | Desolati | Identified the amulet "Erogyist" {Spirit Int+6 Slay-4}
 52546 | Desolati | Identified the +2 mace "Woiriudd" {venom, *Rage rPois Str+5
                  | Dex-5}
 52892 | Vaults:4 | Identified the orb "Zexzuate" {light, rF+ Str+4 Int+6 Air}
 52892 | Vaults:4 | Noticed Frederick
 53642 | Vaults:4 | Reached XP level 20. HP: 187/187 MP: 32/37
 53845 | Vaults:4 | Identified the +1 cloak "Zivoffiy" {Regen+ Str+5}
 53954 | Vaults:4 | Killed Frederick
 54934 | Orc:2    | Bought a ring of protection from fire for 375 gold pieces
 55159 | Depths:1 | Entered Level 1 of the Depths
 55606 | Depths:1 | Found a gateway to Hell.
 55774 | Depths:1 | You fall into a shaft and drop 1 floor!
 55942 | Depths:1 | Found Renguh's Armour Shop.
 56170 | Depths:1 | Noticed a juggernaut
 56193 | Depths:1 | Killed a juggernaut
 56423 | Depths:1 | Found the +8 demon blade "Leech" {evervamp, Harm ^Drain
                  | rN+}
 56425 | Depths:1 | Identified the ring of Ejyu {Ice Fly rPois Will-}
 57024 | Depths:2 | Found a transporter.
 57160 | Depths:2 | Found a transporter.
 57188 | Depths:2 | Found a one-way gateway to a ziggurat.
 57775 | Depths:2 | Found a one-way gate to the infinite horrors of the Abyss.
 58241 | Orc:2    | Bought a ring of protection from cold for 375 gold pieces
 59422 | Depths:3 | Reached XP level 21. HP: 196/196 MP: 19/38
 60145 | Depths:3 | Identified the +4 halberd "Leysaner" {vamp, rPois rF- rN++
                  | Will-}
 60284 | Depths:3 | Identified the +1 pair of boots of the Grue {rCorr Str+5
                  | Dex-5}
 60764 | Depths:4 | Entered Level 4 of the Depths
 61338 | Depths:4 | Found a gate to the Realm of Zot.
 61668 | Depths:4 | Found Fuqou's Fire Supplies.
 62313 | Elf:1    | Entered Level 1 of the Elven Halls
 62555 | Elf:1    | Reached skill level 10 in Stealth
 62675 | Elf:1    | Noticed Norris
 62686 | Elf:1    | Killed Norris
 63055 | Elf:1    | Found Jeal's Weapon Emporium.
 63259 | Elf:1    | Reached XP level 22. HP: 213/213 MP: 39/39
 63286 | Elf:1    | Got Upyfiume's Monograph on Zombies
 63499 | Elf:2    | Found a magical portal.
 63513 | WizLab   | Entered Iskenderun's Mystic Tower
 64094 | WizLab   | Identified the +8 lajatang of the Loving Enemy {vamp, *Rage
                  | rPois Int+8 Dex-5 Stlth+}
 64104 | WizLab   | Got Iskenderun's Precepts of Bombardment
 64104 | WizLab   | Got Iskenderun's Incunabulum of Attacks
 64542 | Elf:2    | Found a runed translucent gate.
 64542 | Elf:2    | Found a runed translucent gate.
 64542 | Elf:2    | Found a runed translucent gate.
 65370 | Orc:2    | Bought a potion of haste for 120 gold pieces
 65370 | Orc:2    | Bought a potion of might for 48 gold pieces
 65635 | Vaults:5 | Entered Level 5 of the Vaults
 65919 | Vaults:5 | Noticed Mara
 65936 | Vaults:5 | Noticed Borsukrates's illusion
 65944 | Vaults:5 | Noticed Boris
 66013 | Vaults:5 | Killed Boris
 66041 | Vaults:5 | Noticed an ancient lich
 66090 | Vaults:5 | Identified the +1 spear of Oschayqer {drain, ^Contam rElec
                  | Str+2}
 66114 | Vaults:5 | Identified the +8 scale mail of Greater Demons {rF+}
 66133 | Vaults:5 | Killed an ancient lich
 66134 | Vaults:5 | Reached skill level 10 in Evocations
 66183 | Vaults:5 | Noticed Borsukrates's illusion
 66438 | Vaults:5 | Reached XP level 23. HP: 196/220 MP: 40/40
 66464 | Vaults:5 | Identified the +3 quarterstaff of Qiot {pain, rElec rC+
                  | Dex-5}
 66470 | Vaults:5 | Noticed Borsukrates's illusion
 66724 | Vaults:5 | Killed Mara
 66837 | Vaults:5 | Identified the scarf "Caeruth" {shadows, rN++}
 67067 | Vaults:5 | Identified the +2 scale mail of the Unbroken {+Blink}
 67240 | Vaults:5 | Found the ring of the Octopus King {HP+2 AC+2 EV+2 SH+2
                  | SInv}
 67352 | Vaults:5 | Got a silver rune of Zot
 67784 | Vaults:1 | Bought a +3 great sword of holy wrath for 459 gold pieces
 68197 | Crypt:1  | Entered Level 1 of the Crypt
 68248 | Crypt:1  | Noticed Jory
 68253 | Crypt:1  | Killed Jory
 68468 | Crypt:1  | Noticed Zenata
 68474 | Crypt:1  | Killed Zenata
 70165 | Crypt:3  | Entered Level 3 of the Crypt
 70642 | Crypt:3  | Identified the +1 falchion of the Disbelieving Gods
                  | {freeze, Int+4}
 70803 | Crypt:3  | Identified the +6 whip "Xih Jakyl" {venom, rF+}
 70806 | Crypt:3  | Got Borgnjor's Reference Book on Sinister Magic
 70988 | Crypt:3  | Identified the +4 ring mail "Kununatu" {Harm}
 71031 | Crypt:3  | Noticed an ancient lich
 71034 | Crypt:3  | Reached XP level 24. HP: 235/235 MP: 21/40
 71034 | Crypt:3  | Killed an ancient lich
 71072 | Crypt:3  | Found a staircase to the Tomb.
 71104 | Crypt:3  | Identified the +6 battleaxe "Zishyul" {venom, ^Fragile Fly
                  | rElec rN++}
 71122 | Crypt:3  | Identified the +5 war axe of Sudden Death {speed, ^Drain
                  | rElec rCorr MP+9}
 71864 | Elf:1    | Reached skill level 1 in Armour
 71914 | Elf:3    | Entered Level 3 of the Elven Halls
 71988 | Elf:3    | Identified the +2 spear of Objectivity {venom, rElec rF-
                  | Str+6 Dex+2}
 72541 | Elf:3    | Reached skill level 5 in Armour
 72569 | Elf:3    | Identified the ring "Ohyhim" {rElec Str+2 SInv}
 72719 | Elf:3    | Identified the staff "Vutui" {rElec rF+ Will+++ Str-5 Conj}
 72769 | Elf:3    | Identified the +2 ring mail of the Orb Guardian {rElec}
 72780 | Elf:3    | Identified the +1 great mace of the Equinox {vamp, Int+8
                  | Dex-4}
 72872 | Elf:3    | Got Erghatyell's Textbook on Bruises and Direction
 72894 | Elf:3    | Identified the +1 scale mail of Recklessness {Harm rC+
                  | rCorr Int-3}
 72923 | Elf:3    | Identified the staff of the Unliving {^Drain rN+ Str+6 Summ
                  | Necro Tloc}
 73419 | Lair:3   | Acquired 661 gold pieces
 73521 | Snake:3  | Bought a manual of Hexes for 1120 gold pieces
 73541 | Snake:3  | Learned a level 4 spell: Vhi's Electric Charge
 73547 | Snake:3  | Learned a level 5 spell: Metabolic Englaciation
 74907 | Vaults:3 | Bought a scroll of revelation for 270 gold pieces
 75204 | Lair:5   | Killed Wivudet's ghost
 75483 | Orc:2    | Bought a potion of curing for 36 gold pieces
 75483 | Orc:2    | Bought a potion of mutation for 96 gold pieces
 75483 | Orc:2    | Bought a potion of resistance for 120 gold pieces
 75483 | Orc:2    | Bought a potion of ambrosia for 96 gold pieces
 75483 | Orc:2    | Bought a potion of mutation for 96 gold pieces
 75483 | Orc:2    | Bought a potion of mutation for 96 gold pieces
 75483 | Orc:2    | Bought a potion of heal wounds for 60 gold pieces
 75485 | Orc:2    | Bought a potion of enlightenment for 60 gold pieces
 75485 | Orc:2    | Bought a potion of brilliance for 48 gold pieces
 75485 | Orc:2    | Bought a potion of resistance for 120 gold pieces
 75485 | Orc:2    | Bought a potion of ambrosia for 96 gold pieces
 75485 | Orc:2    | Bought a potion of enlightenment for 60 gold pieces
 75687 | Swamp:3  | Killed Qemahefa's ghost
 76727 | Depths:3 | Reached skill level 10 in Armour
 76770 | Zot:1    | Entered Level 1 of the Realm of Zot
 76995 | Zot:1    | Found a transporter.
 77069 | Zot:1    | Found a transporter.
 77144 | Zot:1    | Reached skill level 5 in Ranged Weapons
 78408 | Zot:1    | Noticed a dread lich
 78539 | Zot:1    | Noticed a dread lich
 78565 | Zot:1    | Killed a dread lich
 78569 | Zot:1    | Killed a dread lich
 78964 | Zot:1    | Identified the +2 flail of Aghick {holy, rPois rC++ Int+6}
 78988 | Zot:1    | Identified the ring of Toeshroho {rPois rF+ rC+ Str+2
                  | Dex+2}
 79010 | Zot:1    | Identified the +0 leather armour "Dykosy" {Regen+}
 79039 | Zot:1    | Identified the ring "Tezxer" {rPois rF+ rCorr Str+2}
 79220 | Zot:2    | You fall into a shaft and drop 2 floors!
 79731 | Zot:3    | Reached XP level 25. HP: 243/243 MP: 33/40
 79752 | Zot:3    | Noticed a dread lich
 79804 | Zot:3    | Killed a dread lich
 79875 | Zot:3    | Identified the ring of Qyuvvy {Ice rElec rCorr Str+2}
 79875 | Zot:3    | Noticed Josephina
 79961 | Zot:3    | Killed Josephina
 80963 | Zot:3    | Noticed Vv
 80973 | Zot:3    | Killed Vv
 82022 | Zot:5    | Entered Level 5 of the Realm of Zot
 82046 | Zot:5    | Reached skill level 10 in Ranged Weapons
 82166 | Zot:5    | Reached skill level 1 in Air Magic
 82949 | Zot:5    | Noticed an orb of fire
 82964 | Zot:5    | Killed an orb of fire
 82967 | Zot:5    | Noticed an orb of fire
 82973 | Zot:5    | Killed an orb of fire
 82988 | Zot:5    | Noticed an orb of fire
 82994 | Zot:5    | Killed an orb of fire
 82995 | Zot:5    | Reached XP level 26. HP: 251/251 MP: 20/40
 83239 | Zot:5    | Noticed an orb of fire
 83244 | Zot:5    | Noticed an orb of fire
 83252 | Zot:5    | Noticed an orb of fire
 83252 | Zot:5    | Killed an orb of fire
 83253 | Zot:5    | Reached skill level 5 in Air Magic
 83254 | Zot:5    | Killed an orb of fire
 83255 | Zot:5    | Killed an orb of fire
 83256 | Zot:5    | Reached skill level 27 in Long Blades
 83903 | Slime:1  | Entered Level 1 of the Pits of Slime
 84651 | Slime:3  | Learned a level 3 spell: Swiftness
 86016 | Slime:5  | Entered Level 5 of the Pits of Slime
 86191 | Slime:5  | Noticed the Royal Jelly
 86219 | Slime:5  | Killed the Royal Jelly
 86354 | Slime:5  | Identified the staff of Dyfailaf {rPois Str+2 Int+3
                  | Alchemy}
 86404 | Slime:5  | Got a slimy rune of Zot
 86434 | Slime:5  | Identified the +1 crystal plate armour "Teorol" {*Corrode
                  | Str+3 Dex+3}
 87035 | Depths:2 | Voluntarily entered the Abyss.
 87447 | Abyss:3  | Noticed an ancient lich
 88131 | Abyss:3  | Paralysed by accursed screaming for 1 turns
 88166 | Abyss:3  | Reached XP level 27. HP: 226/258 MP: 8/40
 88189 | Abyss:3  | Got an abyssal rune of Zot
 88290 | Depths:2 | Escaped the Abyss
 89143 | Zot:5    | Got the Orb of Zot
 89280 | Depths:4 | Noticed Egaguyli the pandemonium lord
 89293 | Depths:4 | Killed Egaguyli the pandemonium lord
 89294 | Depths:4 | Reached skill level 27 in Dodging
 89294 | Depths:4 | Reached skill level 1 in Hexes
 89707 | D:4      | Noticed Pitisos the pandemonium lord
 89769 | D:1      | Noticed Xettui the pandemonium lord
 89784 | D:$      | Escaped with the Orb!

Illustrated notes

Levels and vault maps discovered:
D:1:      onia_arrival_pyramid, layout_basic, serial_shops,
          nicolae_shop_tiny_real_fake_doors
D:2:      layout_basic, shapermc_ecumenical_altar_rom_forum, basic_altar
D:3:      layout_loops_ring, uniq_ijyb
D:4:      layout_loops_ring, evilmike_ruin_ashenzari, gammafunk_ghost_split,
          minmay_increasing_density, uniq_pikel
D:5:      layout_cave_pods, minmay_temple_entry_mini_moons,
          chequers_serial_rivers_marsh
D:6:      layout_cave_pods, lemuel_round_altar
D:7:      layout_loops_ring
D:8:      layout_rooms, enter_bailey_2
D:9:      layout_roguey, mainiacjoe_overflow_surrounded_room, minivault_10
D:10:     layout_cave_pools, xom_confusion_cloud,
          amethyst_overflow_temple_binary, lair_entry_dummy, orc_0_dummy,
          serial_shops, shop, uniq_joseph
D:11:     layout_basic
D:12:     layout_roguey, serial_glass, glass_columns_c, glass_columns_a,
          glass_columns_a, glass_columns_b, nicolae_elemental_shop
D:13:     hourglass_vault, layout_long_grid, ximxim_vaults_locker_room,
          nemelex_spade_bored_becter
D:14:     layout_layer_cave, minmay_misc_feat_hallway, lemuel_flamethrower_2,
          uniq_snorg, uniq_nessos
D:15:     gammafunk_depths_entry_grave, layout_basic, nicolae_twisting_strands
Lair:1:   layout_chaotic_city, gammafunk_ghost_icy, kennysheep_rathole
Lair:2:   layout_regular_city, minmay_swamp_entry_worms
Lair:3:   layout_loops_ring, guppyfry_snake_entry_island, basic_altar,
          uniq_nergalle
Lair:4:   layout_loops_ring, slime_entry_1, chequers_serial_rivers_marsh
Lair:5:   cheibrodos_lair_end_hotspot, layout_loops_ring,
          ebering_ghost_inner_flame, serial_bayou_pond_c,
          infiniplex_staircase_pool
Swamp:1:  layout_falls_marsh, hangedman_swamp_ruin_wall, swamp_pool_4
Swamp:2:  layout_falls_marsh, serial_swamp_ruin, evilmike_swamp_ruin_house_4,
          evilmike_swamp_ruin_house_2, evilmike_swamp_ruin_rubble_2
Swamp:3:  layout_basic_swamp, gammafunk_ghost_arena,
          evilmike_swamp_ruin_house_5, infiniplex_staircase_pool_2
Swamp:4:  swamp_old_school, layout_basic_swamp, swamp_pool_3,
          nicolae_swamp_soggy_hallways, nicolae_swamp_tree_isthmus
Snake:1:  layout_concentric_octagons
Snake:2:  layout_cave_pods, serial_shops, shop,
          portal_ice_cave_entry_ice_simulacra
Snake:3:  layout_rooms, gammafunk_ghost_necromancy, nicolae_snake_coiling_death,
          minmay_shop_grove, grunt_megastairs_2, serial_bayou_shore_a,
          lemuel_fruit_tree
Snake:4:  grunt_snake_rune_serpentine_throne, layout_basic, serial_shops,
          nicolae_shop_rolling_square
Slime:1:  layout_caves
Slime:2:  layout_caves
Slime:3:  layout_caves, basic_altar
Slime:4:  layout_caves
Slime:5:  slime_pit
Orc:1:    layout_caves, basic_altar
Orc:2:    pf_orc_diabolical, layout_diamond_mine, basic_altar, uniq_urug
Elf:1:    nicolae_elf_arrival_fired_up, layout_geoelf_diagonals, serial_shops,
          shop, minmay_elf_necromancy, lemuel_upstairs_altar, uniq_norris
Elf:2:    elven_hall_of_blades_hangedman_original [nooodl_blade_entry_preview],
          layout_geoelf_grid, mu_enter_wizlab_1
Elf:3:    grunt_elf_hall_asides, layout_loops_cross,
          amcnicky_mini_corridor_feature, fake_guardian_serpent_vault
Vaults:1: v_rooms_6, nicolae_vaults_windows_and_doors_thing,
          ontoclasm_vaults_misaligned, ontoclasm_vaults_loading_screen,
          nicolae_vaults_little_ls, ontoclasm_vaults_eye,
          hangedman_vaults_stream, vaults_room_grunt_arrival_checkpoint,
          v_alt_pattern_6, layout_vaults_omnigrid, serial_shops,
          nicolae_shop_window_shopping
Vaults:2: nicolae_vaults_tangram_1, nicolae_vaults_turnstiles,
          vaults_standard_mumra_enter_the_diamond,
          minmay_crypt_entry_vampire_xt, nicolae_vaults_rhombus_6,
          hangedman_vaults_stagger, v_pattern_5, nicolae_vaults_diamond_1,
          nicolae_vaults_alarming, layout_vaults_big_room
Vaults:3: v_misc_32, hangedman_vaults_nodes, nicolae_vaults_triangles,
          v_rooms_6, nicolae_vaults_little_squares_2,
          nicolae_vaults_ninety_degrees, v_alt_pattern_3,
          nicolae_vaults_asterisk, v_misc_16, vaults_room_door_ring,
          nicolae_vaults_offset_grid_hallway_4, nicolae_vaults_shelves_hall,
          vaults_dpeg_encased_lava, nicolae_vaults_house_1,
          layout_vaults_omnibox, serial_shops, shop
Vaults:4: portal_desolation_entry_ruin, nicolae_vaults_more_shelving_2,
          nicolae_vaults_hexular_roomagon, vaults_mumra_bighexcomb,
          nicolae_vaults_network_quinsquares
          [nicolae_vaults_network_quincunx_subvault,
          nicolae_vaults_network_quincunx_subvault,
          nicolae_vaults_network_quincunx_subvault,
          nicolae_vaults_network_quincunx_subvault], nicolae_vaults_asterisk,
          nicolae_vaults_puzzle_piece, hangedman_vaults_stitches, v_misc_16,
          v_misc_26, nicolae_vaults_border_crossing,
          nicolae_vaults_tetromino_T_1, vaults_room_pools, layout_vaults_ring,
          uniq_frederick, uniq_xtahua
Vaults:5: serial_shops, uniq_boris, uniq_mara
Crypt:1:  layout_misc_corridors, nicolae_crypt_knight_watch, grunt_megastairs_4,
          uniq_jory, uniq_zenata
Crypt:2:  layout_misc_corridors, minivault_11, nicolae_crypt_twisting_catacombs
Crypt:3:  grunt_crypt_end_deaths_head
Depths:1: layout_gridlike, lightli_too_deep, serial_shops,
          nicolae_shop_window_shopping, minmay_the_grid_2x2
          [minmay_the_grid_stretched_grid, minmay_the_grid_odd_star,
          minmay_the_grid_large_cup, minmay_the_grid_prize_shrinking_boxes]
Depths:2: gammafunk_sealed_arena, layout_honeycomb, enter_ziggurat_f,
          abyss_entry_small_statue_room, corexii_leaking_fountain,
          grunt_pan_entry_sceptre, hell_entry
Depths:3: grunt_runaround [grunt_runaround_loot, grunt_runaround_doors_1,
          grunt_runaround_doors_2, grunt_runaround_doors_3,
          grunt_runaround_doors_4], hell_entry, abyss_entry
Depths:4: grunt_zot_entry_alcove, layout_basic, hell_entry,
          nicolae_shop_fire_sale [nicolae_sub_dead_trees], serial_bayou_shore_b,
          serial_bayou_shore_b, grunt_megastairs_3, serial_bayou_shore_b
Zot:1:    gammafunk_dig_for_victory, layout_gridlike
Zot:2:    kennysheep_room_grid, layout_cathedral_of_symmetry,
          regret_index_zotdec_iron_s, zot_minivault_1
Zot:3:    ebering_klown_carousel, layout_cathedral_of_symmetry, uniq_vv,
          uniq_josephina
Zot:4:    layout_gridlike, regret_index_zotdec_icy_dp
Zot:5:    layout_gridlike

Skill      XL: |  1  2  3  4  5  6  7  8  9 10 11 12 13 14 15 16 17 18 19 20 21 22 23 24 25 26 27 |
---------------+----------------------------------------------------------------------------------+-----
Ice Magic      | 4 5 6 7 |  7.0
Stealth        | 2 5 7 10 | 10.0
Fighting       | 3 7 10 11 12 14 15 17 18 21 23 | 23.3
Dodging        | 4 5 8 13 14 16 17 18 20 22 23 24 26 27 | 27.0
Long Blades    | 3 7 10 12 14 15 17 20 21 22 23 26 27 | 27.0
Ranged Weapons | 3 8 10 | 10.0
Spellcasting   | 2 7 8 |  8.0
Translocations | 6 8 9 10 11 | 11.0
Evocations     | 5 7 10 | 10.0
Armour         | 10 | 10.0
Air Magic      | 3 5 |  5.7
Hexes          | 3 |  3.5

Action                     |  1- 3 |  4- 6 |  7- 9 | 10-12 | 13-15 | 16-18 | 19-21 | 22-24 | 25-27 || total
---------------------------+-------+-------+-------+-------+-------+-------+-------+-------+-------++-------
  Melee: Unarmed           |     1 |       |       |       |       |       |       |       |       ||     1
         Short sword       |    13 |    10 |       |       |       |       |       |       |       ||    23
         Hand axe          |       |    32 |    30 |       |       |       |       |       |       ||    62
         Dagger            |       |       |    92 |     7 |    47 |     3 |    17 |     5 |       ||   171
         Falchion          |       |       |   120 |       |       |       |       |       |       ||   120
         Whip              |       |       |    13 |       |       |       |       |       |       ||    13
         Punch             |       |       |     4 |    13 |    24 |       |       |       |       ||    41
         Long sword        |       |       |    34 |   599 |   950 |       |       |       |       ||  1583
         Great sword       |       |       |       |       |   345 |  1426 |  1708 |  1133 |       ||  4612
         Triple sword      |       |       |       |       |       |       |       |   428 |  1076 ||  1504
   Fire: Orcbow            |       |       |    70 |   133 |       |       |       |       |       ||   203
         Sling             |       |       |       |    64 |   150 |       |       |       |       ||   214
         Shortbow          |       |       |       |       |     2 |       |       |       |       ||     2
         Arbalest          |       |       |       |       |       |       |       |     1 |     1 ||     2
  Throw: Stone             |    22 |     3 |     2 |       |       |       |       |       |       ||    27
   Cast: Freeze            |    73 |    45 |     1 |    53 |    41 |    12 |       |       |       ||   225
         Ozocubu's Armour  |       |     5 |    31 |    74 |   121 |    60 |    35 |    26 |     1 ||   353
         Frozen Ramparts   |       |     4 |    26 |    78 |    77 |    31 |    12 |     3 |     2 ||   233
         Manifold Assault  |       |       |       |       |    18 |   154 |   155 |   276 |   190 ||   793
         Lesser Beckoning  |       |       |       |       |    16 |    36 |    32 |    10 |       ||    94
         Apportation       |       |       |       |       |     3 |       |       |       |       ||     3
         Blink             |       |       |       |       |       |     1 |     1 |     8 |     2 ||    12
         Passage of Golubr |       |       |       |       |       |       |       |     1 |     1 ||     2
         Vhi's Electric Ch |       |       |       |       |       |       |       |     2 |     9 ||    11
  Evoke: Wand              |       |       |    12 |    18 |     5 |     3 |       |     6 |     2 ||    46
         Condenser vane    |       |       |       |       |       |     1 |       |     1 |       ||     2
         Lightning rod     |       |       |       |       |       |       |     4 |     4 |       ||     8
         Box of beasts     |       |       |       |       |       |       |     1 |     1 |       ||     2
         Phial of floods   |       |       |       |       |       |       |       |     1 |       ||     1
    Use: Scroll            |       |     4 |     8 |     4 |    13 |     6 |    10 |    18 |     5 ||    68
         Potion            |       |       |    10 |     6 |     4 |    11 |       |    22 |    10 ||    63
   Stab: Sleeping          |     3 |     4 |     7 |       |    20 |    18 |    31 |    23 |    14 ||   120
         Distracted        |       |       |     1 |       |     7 |     8 |    16 |    13 |    15 ||    60
         Paralysed         |       |       |     2 |     3 |       |       |       |       |       ||     5
         Invisible         |       |       |       |       |       |       |       |    10 |       ||    10
 Armour: Robe              |    28 |    43 |   194 |   271 |    74 |   112 |   130 |    31 |       ||   883
         Steam dragon scal |       |       |       |       |   416 |   264 |   241 |   212 |    90 ||  1223
         Skin              |       |       |       |       |       |   116 |       |       |       ||   116
  Dodge: Dodged            |    32 |    59 |   273 |   779 |  1604 |  1708 |  1802 |  1512 |   893 ||  8662
         Repelled          |       |       |       |       |       |    19 |    15 |    10 |    13 ||    57
  Block: Other             |       |       |       |       |       |       |       |    23 |    35 ||    58
Riposte: Great sword       |       |       |       |       |       |   286 |   336 |   153 |       ||   775
         Triple sword      |       |       |       |       |       |       |       |    83 |   179 ||   262
